NCAA
CREIGHTON BLUE JAYS @ CALIFORNIA GOLDEN BEARS
05/20/2026
 
TOP OF THE 1ST
Creighton Blue Jays batting - Pitching for California Golden Bears : RHP Chris Keats
Pitching: RHP Chris Keats
Batting: SHB Mario Trujillo 0-0: Foul Ball, location: 2F
0-1: Foul Ball, location: 2F
0-2: Ball
1-2: Fly out, F7 (Flyball, 78S)
Batting: RHB Pedro Echevarría 0-0: Swinging Strike
0-1: Hit by Pitch
Batting: LHB Michael Edwards 0-0: Foul Ball, location: 2F
0-1: Ball
1-1: Ball
2-1: Swinging Strike
2-2: Foul Ball, location: 2F
2-2: Ball
3-2: Strikes out swinging
Pedro Echevarría steals 2nd base
Batter strikes out.
Batting: LHB Jonathon Terry 0-0: Called Strike
0-1: Ball
1-1: Foul Ball, location: 2F
1-2: Ball
2-2: Ball
3-2: Base on Balls
Batting: SHB Tom Johnson 0-0: Foul Ball, location: 2F
0-1: Swinging Strike
0-2: Strikes out swinging
Top of the 1st over - 0 run(s), 0 hit(s), 0 error(s), 2 left on base; Creighton 0 - California 0
BOTTOM OF THE 1ST
California Golden Bears batting - Pitching for Creighton Blue Jays : RHP Eugene Morgan
Pitching: RHP Eugene Morgan
Batting: LHB Ryan Rheaume 0-0: Ball
1-0: Ball
2-0: Ball
3-0: Base on Balls
Batting: RHB Ed Crockett 0-0: Ball
1-0: Swinging Strike
1-1: Foul Ball, location: 2F
1-2: Ball
2-2: Foul Ball, location: 2F
2-2: Foul Ball, location: 2F
2-2: Ball
3-2: Foul Ball, location: 2F
3-2: Ground out 6-3 (Groundball, 6M)
Ryan Rheaume to second
Batting: SHB Darrel Lang 0-0: Ball
1-0: Swinging Strike
1-1: Foul Ball, location: 2F
1-2: Strikes out swinging
Batting: RHB Francis Land 0-0: Ground out 5-3 (Groundball, 5)
Bottom of the 1st over - 0 run(s), 0 hit(s), 0 error(s), 1 left on base; Creighton 0 - California 0
TOP OF THE 2ND
Creighton Blue Jays batting - Pitching for California Golden Bears : RHP Chris Keats
Batting: LHB Randy Ortíz 0-0: Ball
1-0: Called Strike
1-1: Called Strike
1-2: Strikes out swinging
Batting: RHB Joe Brinkman 0-0: Ball
1-0: Foul Ball, location: 2F
1-1: Called Strike
1-2: Ground out 4-3 (Groundball, 4)
Batting: RHB Matt Cole 0-0: Called Strike
0-1: Ball
1-1: Called Strike
1-2: Foul Ball, location: 2F
1-2: Foul Ball, location: 2F
1-2: Ball
2-2: Foul Ball, location: 2F
2-2: Ball
3-2: SINGLE (Flyball, 89M)
Batting: RHB Jesús López 0-0: Ball
Matt Cole is caught stealing 2nd base
Top of the 2nd over - 0 run(s), 1 hit(s), 0 error(s), 0 left on base; Creighton 0 - California 0
BOTTOM OF THE 2ND
California Golden Bears batting - Pitching for Creighton Blue Jays : RHP Eugene Morgan
Batting: RHB Sergio González 0-0: Called Strike
0-1: Called Strike
0-2: Fly out, F7 (Flyball, 7LM)
Batting: RHB Chris Martínez 0-0: Called Strike
0-1: Ball
1-1: Foul Ball, location: 2F
1-2: Fly out, F9 (Line Drive, 89D)
Batting: RHB Greg Taylor 0-0: Fly out, F6 (Popup, 5DF)
Bottom of the 2nd over - 0 run(s), 0 hit(s), 0 error(s), 0 left on base; Creighton 0 - California 0
TOP OF THE 3RD
Creighton Blue Jays batting - Pitching for California Golden Bears : RHP Chris Keats
Batting: RHB Jesús López 0-0: Swinging Strike
0-1: Foul Ball, location: 2F
0-2: Ball
1-2: Foul Ball, location: 2F
1-2: Ground out 6-3 (Groundball, 6M)
Batting: SHB Mario Trujillo 0-0: Ball
1-0: Ball
2-0: Ball
3-0: Called Strike
3-1: Base on Balls
Batting: RHB Pedro Echevarría 0-0: Ball
1-0: Called Strike
1-1: Ball
2-1: Called Strike
Mario Trujillo steals 2nd base
2-2: Ball
3-2: Strikes out swinging
Batting: LHB Michael Edwards 0-0: Ball
1-0: Foul Ball, location: 2F
1-1: Foul Ball, location: 2F
1-2: Strikes out swinging
Top of the 3rd over - 0 run(s), 0 hit(s), 0 error(s), 1 left on base; Creighton 0 - California 0
BOTTOM OF THE 3RD
California Golden Bears batting - Pitching for Creighton Blue Jays : RHP Eugene Morgan
Batting: LHB Ken Wheeler 0-0: Ball
1-0: Swinging Strike
1-1: Hit by Pitch
Batting: RHB Ray Foster 0-0: DOUBLE (Line Drive, 34D)
Ken Wheeler to third
Batting: LHB Ryan Rheaume 0-0: Ball
1-0: Ball
2-0: Ball
3-0: Called Strike
3-1: Called Strike
3-2: Base on Balls
Batting: RHB Ed Crockett 0-0: Ball
1-0: GRAND SLAM HOME RUN (Flyball, 7D), Distance : 353 ft
Batting: SHB Darrel Lang 0-0: Swinging Strike
0-1: Ball
1-1: Called Strike
1-2: Foul Ball, location: 2F
1-2: Ball
2-2: SINGLE (Line Drive, 6M)
Batting: RHB Francis Land 0-0: Swinging Strike
0-1: Swinging Strike
0-2: Ball
1-2: Foul Ball, location: 2F
1-2: Ball
2-2: Ball
3-2: Foul Ball, location: 2F
3-2: Fly out, F8 (Line Drive, 8RM)
Batting: RHB Sergio González 0-0: Foul Ball, location: 2F
0-1: Swinging Strike
0-2: Ball
1-2: Strikes out swinging
Batting: RHB Chris Martínez 0-0: Called Strike
0-1: Ball
1-1: Swinging Strike
1-2: Strikes out swinging
Bottom of the 3rd over - 4 run(s), 3 hit(s), 0 error(s), 1 left on base; Creighton 0 - California 4
TOP OF THE 4TH
Creighton Blue Jays batting - Pitching for California Golden Bears : RHP Chris Keats
Batting: LHB Jonathon Terry 0-0: Ball
1-0: Called Strike
1-1: Called Strike
1-2: Ball
2-2: Strikes out swinging
Batting: SHB Tom Johnson 0-0: Called Strike
0-1: Swinging Strike
0-2: Strikes out swinging
Batting: LHB Randy Ortíz 0-0: Called Strike
0-1: Foul Ball, location: 2F
0-2: Ball
1-2: Strikes out swinging
Top of the 4th over - 0 run(s), 0 hit(s), 0 error(s), 0 left on base; Creighton 0 - California 4
BOTTOM OF THE 4TH
California Golden Bears batting - Pitching for Creighton Blue Jays : RHP Eugene Morgan
Batting: RHB Greg Taylor 0-0: Ball
1-0: Foul Ball, location: 2F
1-1: Fly out, F2 (Popup, 2LF)
Batting: LHB Ken Wheeler 0-0: Foul Ball, location: 2F
0-1: Ball
1-1: Foul Ball, location: 2F
1-2: Strikes out looking
Batting: RHB Ray Foster 0-0: Called Strike
0-1: Ball
1-1: Ground out 6-3 (Groundball, 6)
Bottom of the 4th over - 0 run(s), 0 hit(s), 0 error(s), 0 left on base; Creighton 0 - California 4
TOP OF THE 5TH
Creighton Blue Jays batting - Pitching for California Golden Bears : RHP Chris Keats
Batting: RHB Joe Brinkman 0-0: Ball
1-0: Foul Ball, location: 2F
1-1: Ball
2-1: Foul Ball, location: 2F
2-2: Foul Ball, location: 2F
2-2: Foul Ball, location: 2F
2-2: SINGLE (Groundball, 34)
Batting: RHB Matt Cole 0-0: Ball
1-0: Ball
2-0: Called Strike
2-1: Foul Ball, location: 2F
2-2: Foul Ball, location: 2F
2-2: Ball
3-2: SINGLE (Flyball, 78M)
Joe Brinkman to second
Pitching: RHP Martin Dixon
Batting: RHB Jesús López 0-0: Ball
1-0: Ball
2-0: Called Strike
2-1: SINGLE (Groundball, 56D)
Joe Brinkman to third
Matt Cole to second
Runner from 3rd tries for Home, SAFE, throw made home
Batting: SHB Mario Trujillo 0-0: Ball
1-0: Ball
2-0: Ball
3-0: Base on Balls
Matt Cole to third
Jesús López to second
Batting: RHB Pedro Echevarría 0-0: Called Strike
0-1: Foul Ball, location: 2F
0-2: Strikes out swinging
Batting: LHB Michael Edwards 0-0: Ball
1-0: Called Strike
1-1: Called Strike
1-2: Ball
2-2: Ball
3-2: Foul Ball, location: 2F
3-2: Base on Balls
Matt Cole scores
Jesús López to third
Mario Trujillo to second
Batting: LHB Jonathon Terry 0-0: Ball
1-0: Swinging Strike
1-1: Foul Ball, location: 2F
1-2: Ball
2-2: Strikes out swinging
Batting: SHB Tom Johnson 0-0: Ball
1-0: Ball
2-0: Foul Ball, location: 2F
2-1: Ball
3-1: Base on Balls
Jesús López scores
Mario Trujillo to third
Michael Edwards to second
Batting: LHB Randy Ortíz 0-0: Swinging Strike
0-1: Ball
1-1: Called Strike
1-2: Foul Ball, location: 2F
1-2: Foul Ball, location: 2F
1-2: Ball
2-2: Strikes out looking
Top of the 5th over - 3 run(s), 3 hit(s), 0 error(s), 3 left on base; Creighton 3 - California 4
BOTTOM OF THE 5TH
California Golden Bears batting - Pitching for Creighton Blue Jays : RHP Eugene Morgan
Batting: LHB Ryan Rheaume 0-0: Called Strike
0-1: Called Strike
0-2: Fly out, F7 (Line Drive, 78M)
Batting: RHB Ed Crockett 0-0: Foul Ball, location: 2F
0-1: Called Strike
0-2: Ball
1-2: Ball
2-2: SINGLE (Line Drive, 6M)
Pitching: LHP Ricardo García
Batting: SHB Darrel Lang 0-0: Called Strike
0-1: Called Strike
0-2: Ball
1-2: Ball
2-2: SINGLE (Groundball, 4MD)
Ed Crockett to second
Runner from 2nd tries for 3rd, SAFE, throw made to third
Batting: RHB Francis Land 0-0: Ball
1-0: Swinging Strike
1-1: Reached on Error, E7 (Flyball, 7M)
Ed Crockett scores
Darrel Lang to second
Batting: RHB Sergio González 0-0: Called Strike
0-1: Called Strike
0-2: Ball
1-2: Ball
2-2: 3-RUN HOME RUN (Flyball, 78XD), Distance : 365 ft
Batting: RHB Chris Martínez 0-0: Called Strike
0-1: Swinging Strike
0-2: Strikes out looking
Batting: RHB Greg Taylor 0-0: SINGLE (Groundball, 6MD)
Batting: LHB Ken Wheeler 0-0: Ball
1-0: Called Strike
1-1: Ball
2-1: Ball
3-1: Ground out U3 (Groundball, 3)
Bottom of the 5th over - 4 run(s), 4 hit(s), 1 error(s), 1 left on base; Creighton 3 - California 8
TOP OF THE 6TH
Creighton Blue Jays batting - Pitching for California Golden Bears : RHP Martin Dixon
Batting: RHB Joe Brinkman 0-0: Called Strike
0-1: Called Strike
0-2: Ball
1-2: Strikes out swinging
Batting: RHB Matt Cole 0-0: Swinging Strike
0-1: Foul Ball, location: 2F
0-2: Ball
1-2: Ground out 6-3 (Groundball, 6M)
Pitching: RHP Darrell Barnett
Batting: RHB Jesús López 0-0: Called Strike
0-1: Called Strike
0-2: Ball
1-2: Ground out 6-3 (Groundball, 6)
Top of the 6th over - 0 run(s), 0 hit(s), 0 error(s), 0 left on base; Creighton 3 - California 8
BOTTOM OF THE 6TH
California Golden Bears batting - Pitching for Creighton Blue Jays : LHP Ricardo García
Batting: RHB Ray Foster 0-0: Ball
1-0: Ball
2-0: Ball
3-0: Base on Balls
Batting: LHB Ryan Rheaume 0-0: Fly out, F7 (Flyball, 78S)
Batting: RHB Ed Crockett 0-0: Ball
1-0: Called Strike
1-1: SINGLE (Groundball, 56D)
Ray Foster to second
Batting: SHB Darrel Lang 0-0: Ball
1-0: Grounds into double play, 6-4-3 (Groundball, 6)
Bottom of the 6th over - 0 run(s), 1 hit(s), 0 error(s), 1 left on base; Creighton 3 - California 8
TOP OF THE 7TH
Creighton Blue Jays batting - Pitching for California Golden Bears : RHP Darrell Barnett
Batting: SHB Mario Trujillo 0-0: Ball
1-0: Swinging Strike
1-1: Called Strike
1-2: Fly out, F5 (Popup, 5SF)
Batting: RHB Pedro Echevarría 0-0: Ball
1-0: Foul Ball, location: 2F
1-1: Ball
2-1: Called Strike
2-2: Ball
3-2: DOUBLE (Line Drive, 9LM)
Batting: LHB Michael Edwards 0-0: Ball
1-0: Foul Ball, location: 2F
1-1: Ball
2-1: Swinging Strike
2-2: Foul Ball, location: 2F
2-2: 2-RUN HOME RUN (Flyball, 9D), Distance : 357 ft
Batting: LHB Jonathon Terry 0-0: Ball
1-0: Ball
2-0: Ball
3-0: Called Strike
3-1: Foul Ball, location: 2F
3-2: Foul Ball, location: 2F
3-2: Base on Balls
Batting: SHB Tom Johnson 0-0: Foul Ball, location: 2F
0-1: Ball
1-1: Ball
2-1: Swinging Strike
2-2: Ball
3-2: Strikes out swinging
Batting: LHB Randy Ortíz 0-0: Ball
1-0: Ball
2-0: SINGLE (Line Drive, 78M)
Jonathon Terry to second
Batting: RHB Joe Brinkman 0-0: Called Strike
0-1: Ball
1-1: Swinging Strike
1-2: Foul Ball, location: 2F
1-2: Foul Ball, location: 2F
1-2: Strikes out swinging
Top of the 7th over - 2 run(s), 3 hit(s), 0 error(s), 2 left on base; Creighton 5 - California 8
BOTTOM OF THE 7TH
California Golden Bears batting - Pitching for Creighton Blue Jays : LHP Ricardo García
Batting: RHB Francis Land 0-0: SINGLE (Groundball, 56)
Batting: RHB Sergio González 0-0: Ball
1-0: Foul Ball, location: 2F
1-1: Ball
2-1: Ball
3-1: Base on Balls
Francis Land to second
Pitching: RHP Herman Merritt
Batting: RHB Chris Martínez 0-0: Fly out, F7 (Flyball, 78M)
Batting: RHB Greg Taylor 0-0: Ball
1-0: Ball
2-0: Called Strike
2-1: SINGLE (Line Drive, 6M)
Francis Land to third
Sergio González to second
Batting: LHB Ken Wheeler 0-0: Fly out, F6 (Line Drive, 6M)
Batting: RHB Ray Foster 0-0: Ball
1-0: Called Strike
1-1: Ground out 6-3 (Groundball, 6)
Bottom of the 7th over - 0 run(s), 2 hit(s), 0 error(s), 3 left on base; Creighton 5 - California 8
TOP OF THE 8TH
Creighton Blue Jays batting - Pitching for California Golden Bears : RHP Darrell Barnett
Now at C: Lee Jenkins
Now in RF: William Knisley
Batting: RHB Matt Cole 0-0: Called Strike
0-1: Ball
1-1: Ground out 6-3 (Groundball, 6)
Batting: RHB Jesús López 0-0: Ball
1-0: Ball
2-0: Ball
3-0: Called Strike
3-1: Swinging Strike
3-2: Base on Balls
Pitching: RHP Ward Hunter
Batting: SHB Mario Trujillo 0-0: SINGLE (Flyball, 4MD)
Jesús López to second
Pitching: RHP Gregg Sullivan
Batting: RHB Pedro Echevarría 0-0: Ball
1-0: Ball
2-0: Ball
3-0: Base on Balls
Jesús López to third
Mario Trujillo to second
Pitching: LHP Dexter Hubert
Pinch Hitting: RHB Salvador Castro 0-0: Called Strike
0-1: Called Strike
0-2: Strikes out looking
Pinch Hitting: RHB Paul Rainford 0-0: SINGLE (Flyball, 6MD)
Jesús López scores
Mario Trujillo to third
Pedro Echevarría to second
Runner from 3rd tries for Home, SAFE, no throw or cutoff
Batting: SHB Tom Johnson 0-0: Ball
1-0: Ball
2-0: Called Strike
2-1: Ball
3-1: Foul Ball, location: 2F
3-2: SINGLE (Groundball, 56)
Pedro Echevarría to third
Paul Rainford to second
Pedro Echevarría scores
Paul Rainford to third
Batting: LHB Randy Ortíz 0-0: Ball
1-0: Foul Ball, location: 2F
1-1: Ball
2-1: Ball
3-1: Called Strike
3-2: Base on Balls
Tom Johnson to second
Pinch Hitting: RHB Tom McCoy 0-0: Ball
1-0: Called Strike
1-1: Swinging Strike
1-2: Ball
2-2: SINGLE (Groundball, 56D)
Paul Rainford scores
Tom Johnson to third
Randy Ortíz to second
Runner from 3rd tries for Home, SAFE, no throw or cutoff
Pitching: LHP David Waller
Pinch Hitting: RHB Jimmy Hoffman 0-0: Called Strike
0-1: Ball
1-1: Ball
2-1: Foul Ball, location: 2F
2-2: Strikes out swinging
Top of the 8th over - 5 run(s), 4 hit(s), 0 error(s), 2 left on base; Creighton 10 - California 8
BOTTOM OF THE 8TH
California Golden Bears batting - Pitching for Creighton Blue Jays : RHP Herman Merritt
Now at 1B: Salvador Castro
Now at 2B: Jeffery Ivey
Now at 3B: Jared Pass
Now in RF: David Ward
Batting: LHB Ryan Rheaume 0-0: Ball
1-0: Ball
2-0: DOUBLE (Flyball, 7M)
Batting: RHB Ed Crockett 0-0: Ball
1-0: Called Strike
1-1: Ball
2-1: Swinging Strike
2-2: Ground out 6-3 (Groundball, 6M)
Ryan Rheaume to third
Batting: SHB Darrel Lang 0-0: Swinging Strike
0-1: Ground out 4-3 (Groundball, 34)
Ryan Rheaume scores
Batting: RHB Francis Land 0-0: Called Strike
0-1: SINGLE (Groundball, 4MD)
Batting: RHB Sergio González 0-0: Ball
1-0: Ball
2-0: Ball
3-0: Base on Balls
Francis Land to second
Batting: RHB Chris Martínez 0-0: Foul Ball, location: 2F
0-1: Ball
1-1: Foul Ball, location: 2F
1-2: Foul Ball, location: 2F
1-2: Fly out, F8 (Line Drive, 8LM)
Bottom of the 8th over - 1 run(s), 2 hit(s), 0 error(s), 2 left on base; Creighton 10 - California 9
TOP OF THE 9TH
Creighton Blue Jays batting - Pitching for California Golden Bears : LHP David Waller
Pitching: RHP James McKinney
Batting: RHB Jesús López 0-0: Foul Ball, location: 2F
0-1: Called Strike
0-2: Strikes out swinging passed ball, reaches first!
Batting: SHB Mario Trujillo 0-0: Sac Bunt - play at first, batter OUT! 5-4
Jesús López to second
Batting: RHB Pedro Echevarría 0-0: Intentional Walk
Pinch Hitting: SHB Steve Kirkland 0-0: Called Strike
0-1: Ball
1-1: Ball
2-1: Foul Ball, location: 2F
2-2: Ball
3-2: Foul Ball, location: 2F
3-2: Base on Balls
Jesús López to third
Pedro Echevarría to second
Batting: SHB Jeffery Ivey 0-0: Foul Ball, location: 2F
0-1: Ball
1-1: Ball
2-1: Swinging Strike
2-2: Foul Ball, location: 2F
2-2: Foul Ball, location: 2F
2-2: Ball
3-2: Strikes out swinging
Batting: SHB Tom Johnson 0-0: Called Strike
0-1: Ball
1-1: Swinging Strike
1-2: Strikes out swinging
Top of the 9th over - 0 run(s), 0 hit(s), 0 error(s), 3 left on base; Creighton 10 - California 9
BOTTOM OF THE 9TH
California Golden Bears batting - Pitching for Creighton Blue Jays : RHP Herman Merritt
Pitching: RHP Stan Roberts
Now at C: Steve Kirkland
Batting: LHB Lee Jenkins 0-0: Ball
1-0: Ground out 5-3 (Groundball, 56)
Batting: RHB William Knisley 0-0: Called Strike
0-1: SINGLE (Line Drive, 4D)
Batting: RHB Ray Foster 0-0: Foul Ball, location: 2F
0-1: Ball
1-1: Ball
2-1: Swinging Strike
2-2: Ball
3-2: Strikes out swinging
Batting: LHB Ryan Rheaume 0-0: Ball
1-0: Called Strike
1-1: Ground out 4-3 (Groundball, 4)
Bottom of the 9th over - 0 run(s), 1 hit(s), 0 error(s), 1 left on base; Creighton 10 - California 9
Monday, December 5th, 2016 - OOTP Baseball 17.12 Build 75